[Event "Titled Tuesday Blitz May 9 Early 2023"]
[White "Zampronha, Wladimir Camilo"]
[Black "Panico, Nick"]
[WhiteFideId "2103087"]
[BlackFideId "2026724"]
[WhiteElo "2176"]
[BlackElo "1982"]
[Result "1-0"]
[Round "03"]
[TimeControl "180+2"]
[Date "2023.05.09"]
[WhiteClock "0:00:20"]
[BlackClock "0:00:37"]

1. e4 e6 2. d4 d5 3. Nc3 Nf6 4. e5 Nfd7 5. f4 c5 6. Nf3 Nc6 7. Be3 a6 8. Qd2 cxd4 9. Nxd4 Bc5 10. O-O-O Nxd4 11. Bxd4 b5 12. h4 O-O 13. Rh3 Qc7 14. Kb1 b4 15. Na4 Bxd4 16. Qxd4 a5 17. c4 bxc3 18. Rxc3 Qb8 19. Rdc1 Ba6 20. Bxa6 Rxa6 21. Rc7 Nb6 22. R7c6 Nxa4 23. Rxa6 Qb5 24. Rac6 h6 25. b3 Rb8 26. Rc8+ Rxc8 27. Rxc8+ Kh7 28. Qxa4 Qf1+ 29. Rc1 Qxg2 30. Qxa5 Qe4+ 31. Ka1 Qxf4 32. Qc3 d4 33. Qc2+ Kh8 34. Rd1 Qxe5 35. Qd3 Qa5 36. Qxd4 Kh7 37. Qd3+ g6 38. Rf1 Kg7 39. Kb2 g5 40. Qc3+ Qxc3+ 41. Kxc3 g4 42. b4 f5 43. Kd4 Kf6 44. b5 e5+ 45. Ke3 g3 46. b6 f4+ 47. Kf3 Kf5 48. b7 e4+ 49. Kg2 Kg4 50. b8=Q f3+ 51. Kg1 e3 52. Qb4+ Kh3 53. Rxf3 e2 54. Qe1 Kxh4 55. Qxg3+ Kh5 56. Rf5# 1-0


[Site "https://www.chess.com"]

[Event "Titled Tuesday Blitz May 9 Early 2023"]
[White "Zhigalko, Sergei"]
[Black "Nakamura, Hikaru"]
[WhiteFideId "13502956"]
[BlackFideId "2016192"]
[WhiteElo "2626"]
[BlackElo "2885"]
[Result "0-1"]
[Round "04"]
[TimeControl "180+2"]
[Date "2023.05.09"]
[WhiteClock "0:00:00"]
[BlackClock "0:00:53"]

1. e4 e5 2. Nf3 Nc6 3. Bc4 Nf6 4. d3 Bc5 5. O-O d6 6. Nbd2 a6 7. c3 O-O 8. Bb3 h6 9. h3 Re8 10. Re1 Ba7 11. Nf1 Be6 12. Be3 Bxe3 13. Nxe3 Qd7 14. Nh4 Bxb3 15. Qxb3 Nd8 16. Nhf5 Ne6 17. Rad1 h5 18. Qc2 g6 19. Nh4 Nf4 20. Nf3 b5 21. h4 c5 22. g3 Ne6 23. d4 cxd4 24. cxd4 Rac8 25. Qb1 exd4 26. Nxd4 Nc5 27. Nd5 Nxd5 28. exd5 Rxe1+ 29. Rxe1 Re8 30. b4 Na4 31. Rxe8+ Qxe8 32. Qc1 Nb6 33. Qc6 Qe1+ 34. Kg2 Qe4+ 35. Nf3 Nc4 36. Qxa6 Qxd5 37. Qc8+ Kg7 38. Qe8 Ne5 0-1


[Site "https://www.chess.com"]

[Event "Titled Tuesday Blitz May 9 Early 2023"]
[White "Bacrot, Etienne"]
[Black "Carlsen, Magnus"]
[WhiteFideId "605506"]
[BlackFideId "1503014"]
[WhiteElo "2672"]
[BlackElo "2852"]
[Result "0-1"]
[Round "04"]
[TimeControl "180+2"]
[Date "2023.05.09"]
[WhiteClock "0:00:02"]
[BlackClock "0:00:44"]

1. e4 d6 2. Nf3 Nf6 3. Nc3 c5 4. d4 cxd4 5. Nxd4 g6 6. Bc4 Bg7 7. O-O O-O 8. Re1 Nc6 9. Nxc6 bxc6 10. Bb3 Nd7 11. Be3 Nb6 12. a4 a5 13. Qd2 Rb8 14. Rad1 Nd7 15. Bh6 Nc5 16. Bxg7 Kxg7 17. Bc4 Rxb2 18. e5 d5 19. e6 f6 20. Qe3 Nxe6 21. Nxd5 cxd5 22. Bxd5 Rb6 23. c4 Rd6 24. c5 Rxd5 0-1


[Site "https://www.chess.com"]

[Event "Titled Tuesday Blitz May 9 Early 2023"]
[White "Grigoriants, Sergey"]
[Black "Andreikin, Dmitry"]
[WhiteFideId "4130804"]
[BlackFideId "4158814"]
[WhiteElo "2502"]
[BlackElo "2736"]
[Result "1-0"]
[Round "04"]
[TimeControl "180+2"]
[Date "2023.05.09"]
[WhiteClock "0:00:14"]
[BlackClock "0:00:00"]

1. d4 Nf6 2. c4 e6 3. Nf3 a6 4. Nc3 d5 5. cxd5 exd5 6. Bg5 Be6 7. e3 Nbd7 8. Bf4 c6 9. h3 Ne4 10. Bd3 Ndf6 11. O-O Bd6 12. Qc2 Bxf4 13. exf4 O-O 14. Ng5 Qd6 15. Rae1 Rad8 16. Nxe6 fxe6 17. g3 Qb4 18. Bxe4 dxe4 19. Nxe4 Rxd4 20. a3 Qa5 21. Nc5 Qd2 22. Qb3 Rd5 23. Nxe6 Re8 24. Qxb7 Rd7 25. Qxc6 Rde7 26. f5 h5 27. Re3 Qxb2 28. Qxa6 Qc2 29. Qd3 Qa4 30. Rfe1 h4 31. g4 Rd7 32. Qb3 Qxb3 33. Rxb3 Rd2 34. Rbe3 Nd5 35. R3e2 Rd3 36. a4 Ra8 37. Ng5 Kf8 38. Nh7+ Kg8 39. Ng5 Kf8 40. Re5 Nf4 41. Ne6+ Nxe6 42. Rxe6 Rxh3 43. R6e4 Ra3 44. Kg2 Kf7 45. Rh1 R3xa4 46. Rxa4 Rxa4 47. Rxh4 Ra3 48. f3 Kf6 49. Kg3 Ra1 50. Rh2 Kg5 51. f4+ Kf6 52. Rf2 Ra3+ 53. Rf3 Ra1 54. Re3 Rg1+ 55. Kf3 Ra1 56. Re6+ Kf7 57. g5 Rf1+ 58. Kg3 Rg1+ 59. Kf2 Rg4 60. Kf3 Rg1 61. Rb6 Rf1+ 62. Kg3 Rg1+ 63. Kf2 Rg4 64. Kf3 Rg1 65. Rb7+ Kf8 66. g6 Rf1+ 67. Kg3 Rg1+ 68. Kf2 Ra1 69. Rf7+ Kg8 70. f6 gxf6 71. Rxf6 Kg7 72. Re6 Ra3 73. Kg2 Rb3 74. Rd6 Ra3 75. Kf2 Rb3 76. Ke2 Kh6 77. Re6 Kg7 78. Rc6 Ra3 79. Rd6 Rb3 80. Ra6 Rc3 81. Kf2 Rb3 82. Kg2 Rc3 83. Kf2 Rb3 84. Rc6 Ra3 85. Ke2 Rb3 86. f5 Rb5 87. Rc7+ Kh6 88. Rf7 Ra5 89. Kd3 Ra4 90. Rh7+ Kg5 91. g7 Ra3+ 92. Kc4 Ra4+ 93. Kb3 Ra8 94. Rh8 1-0


[Site "https://www.chess.com"]

[Event "Titled Tuesday Blitz May 9 Early 2023"]
[White "Bluebaum, Matthias"]
[Black "Salinas Herrera, Pablo"]
[WhiteFideId "24651516"]
[BlackFideId "3407128"]
[WhiteElo "2639"]
[BlackElo "2546"]
[Result "1/2-1/2"]
[Round "04"]
[TimeControl "180+2"]
[Date "2023.05.09"]
[WhiteClock "0:00:07"]
[BlackClock "0:00:12"]

1. d4 d5 2. c4 e6 3. Nc3 Nf6 4. cxd5 exd5 5. Bf4 Bd6 6. Bxd6 Qxd6 7. e3 Bf5 8. Qf3 Bg4 9. Qg3 Qxg3 10. hxg3 c6 11. Bd3 Nbd7 12. f3 Be6 13. g4 h6 14. g5 Ng8 15. Nge2 O-O-O 16. Kf2 Re8 17. Nf4 g6 18. g4 Nf8 19. Rh2 Rh7 20. Rah1 hxg5 21. Rxh7 gxf4 22. Rh8 fxe3+ 23. Kxe3 Nf6 24. Kf2 Kc7 25. Ne2 Bd7 26. Nf4 Bc8 27. Re1 Rxe1 28. Kxe1 N6d7 29. Rg8 Kd8 30. g5 Ke7 31. Kd2 b6 32. b4 Bb7 33. a3 Bc8 34. Rh8 Bb7 35. Rh1 Kd6 36. Re1 Nh7 37. Nh3 Ndf8 38. f4 Ne6 39. Ke3 Bc8 40. Nf2 Ng7 41. Rh1 Nf8 42. Rh8 Ke7 43. b5 c5 44. dxc5 bxc5 45. a4 Nge6 46. a5 Bb7 47. Ng4 d4+ 48. Kd2 Nxf4 49. Bc4 Nh5 50. Ne5 Ng3 51. Nxf7 Ne4+ 52. Kd3 Nf2+ 53. Ke2 Ne4 54. b6 axb6 55. axb6 Nc3+ 56. Kd3 Na4 57. Nd8 Bg2 58. b7 Bxb7 59. Nxb7 Nb2+ 60. Ke4 Nxc4 61. Nxc5 Nd6+ 62. Kf4 Nf7 63. Rh1 Kd6 64. Ne4+ Kd5 65. Nf6+ Kd6 66. Ne4+ Kd5 67. Re1 Ne6+ 68. Kg4 Ne5+ 69. Kg3 Nf7 70. Nf6+ Kd6 71. Ne4+ Kd5 72. Nf6+ Kd6 73. Ng4 Nfxg5 74. Rd1 Kd5 75. Nf6+ Ke5 76. Nd7+ Kd5 77. Kg4 Ne4 78. Kf3 Nc3 79. Rh1 Ng5+ 80. Kf2 Ne6 81. Nf6+ Ke5 82. Ng4+ Kf4 83. Nh2 Ne4+ 84. Ke2 N6c5 85. Rf1+ Ke5 86. Ng4+ Kd5 87. Nf6+ Ke5 88. Nxe4 Nxe4 89. Rg1 g5 90. Kd3 Nc5+ 91. Ke2 Ne6 92. Kd2 Ke4 93. Re1+ Kd5 94. Rg1 Ke4 95. Re1+ Kd5 96. Rg1 Ke4 1/2-1/2


[Site "https://www.chess.com"]

[Event "Titled Tuesday Blitz May 9 Early 2023"]
[White "Mekhitarian, Krikor Sevag"]
[Black "Martinez Alcantara, Jose Eduardo"]
[WhiteFideId "2107660"]
[BlackFideId "3805662"]
[WhiteElo "2604"]
[BlackElo "2711"]
[Result "1-0"]
[Round "04"]
[TimeControl "180+2"]
[Date "2023.05.09"]
[WhiteClock "0:00:04"]
[BlackClock "0:00:01"]

1. Nf3 c5 2. c4 Nc6 3. Nc3 g6 4. e3 Bg7 5. d4 d6 6. d5 Ne5 7. Nxe5 Bxe5 8. Be2 Bg7 9. O-O Nf6 10. e4 O-O 11. Be3 e5 12. a3 a5 13. Rb1 b6 14. b4 axb4 15. axb4 Nd7 16. bxc5 Nxc5 17. Qc2 f5 18. f3 Bd7 19. Ra1 Qc7 20. Rfb1 Bf6 21. Qb2 Rxa1 22. Rxa1 Rb8 23. Qc2 Kg7 24. Nb5 Bxb5 25. cxb5 Rc8 26. exf5 e4 27. Rf1 Re8 28. fxg6 exf3 29. Rxf3 Rxe3 30. Rxe3 Bd4 31. Qd2 Nb3 32. Qd3 Qc5 33. Qxb3 Bxe3+ 34. Kf1 hxg6 35. Qd3 Bd4 36. g3 Qxd5 37. Bf3 Qc5 38. Kg2 Qb4 39. Qe4 Qd2+ 40. Qe2 Qg5 41. Be4 Qe5 42. Bd3 Be3 43. Qf3 d5 44. Qg4 Qd6 45. h4 Qf6 46. Kh3 d4 47. Qe4 Kh6 48. Qg4 Kg7 49. h5 Qf7 50. hxg6 Qf6 51. Qh5 Kf8 52. Qg4 Kg7 53. Qd7+ Kh6 54. Qh7+ Kg5 55. Qh4# 1-0


[Site "https://www.chess.com"]

[Event "Titled Tuesday Blitz May 9 Early 2023"]
[White "Kravtsiv, Martyn"]
[Black "Bortnyk, Olexandr"]
[WhiteFideId "14113147"]
[BlackFideId "14120828"]
[WhiteElo "2695"]
[BlackElo "2734"]
[Result "0-1"]
[Round "04"]
[TimeControl "180+2"]
[Date "2023.05.09"]
[WhiteClock "0:00:00"]
[BlackClock "0:00:04"]

1. e4 Nf6 2. Nc3 d6 3. d4 e5 4. Nf3 Nbd7 5. Bc4 Be7 6. a4 c6 7. O-O Qc7 8. Re1 O-O 9. h3 h6 10. Bf1 Re8 11. a5 Nf8 12. b3 Ng6 13. g3 Bd7 14. Bg2 Rad8 15. Bb2 Bc8 16. Qc1 Nh7 17. d5 c5 18. Nb5 Qb8 19. Qd1 f5 20. exf5 Bxf5 21. Nc3 Qc8 22. Kh2 Rf8 23. Ne4 Rf7 24. Nfd2 Rdf8 25. Qe2 Qd7 26. Rf1 Nf6 27. Nxf6+ Bxf6 28. Ne4 Bd8 29. Bc1 Ne7 30. c4 Bg6 31. Bb2 Nf5 32. a6 b6 33. f4 Nd4 34. Bxd4 exd4 35. Rae1 Be7 36. Qd2 Qc8 37. g4 Qxa6 38. f5 Bh7 39. Qf4 b5 40. Ra1 Qb6 41. Rf2 a5 42. cxb5 Ra8 43. Bf1 Kh8 44. Qg3 Rff8 45. Bc4 Rae8 46. Raf1 Bd8 47. Bd3 Re5 48. f6 g5 49. Nd2 Re3 50. Rf3 Bxd3 51. Rxe3 dxe3 52. Rd1 exd2 53. Qxd3 Bxf6 54. Rxd2 Be5+ 55. Kg2 Kg7 56. Rf2 Rxf2+ 57. Kxf2 c4+ 0-1


[Site "https://www.chess.com"]

[Event "Titled Tuesday Blitz May 9 Early 2023"]
[White "Sarana, Alexey"]
[Black "Visakh N R"]
[WhiteFideId "24133795"]
[BlackFideId "25012223"]
[WhiteElo "2714"]
[BlackElo "2466"]
[Result "1-0"]
[Round "04"]
[TimeControl "180+2"]
[Date "2023.05.09"]
[WhiteClock "0:00:14"]
[BlackClock "0:00:00"]

1. d4 Nf6 2. c4 e6 3. Nc3 Bb4 4. e3 b6 5. Ne2 Bb7 6. a3 Be7 7. d5 O-O 8. Ng3 a5 9. Be2 Na6 10. O-O Re8 11. e4 e5 12. Nf5 Bf8 13. Bg5 h6 14. Bh4 g6 15. Ne3 Bg7 16. b3 Qe7 17. Qc2 d6 18. Rab1 Bc8 19. b4 axb4 20. axb4 Bd7 21. Qb3 Reb8 22. Ra1 Qd8 23. c5 bxc5 24. Rxa6 Rxa6 25. Bxa6 g5 26. Bg3 cxb4 27. Rb1 Rb6 28. Bd3 bxc3 29. Qxc3 Rxb1+ 30. Bxb1 Qb8 31. Bd3 Qb6 32. h3 Qd4 33. Qc2 Ba4 34. Qb1 Bd7 35. Kh2 Qb6 36. Qa2 Nh7 37. Qe2 Nf8 38. f3 Ng6 39. Nc4 Qb3 40. Na5 Qa3 41. Qd2 Nf4 42. Ba6 f5 43. exf5 Bxf5 44. Bf1 Bd7 45. Nc4 Qc5 46. Bxf4 exf4 47. Qd3 Bb5 48. Qe4 Bxc4 49. Bxc4 Qe3 50. Qf5 Bd4 51. Qg6+ Bg7 52. Bb5 Qe5 53. Bd7 Qf6 54. Qe8+ Bf8 55. Be6+ Kg7 56. Qd7+ Qe7 57. Qc6 h5 58. Qc3+ Qf6 59. Qxc7+ Be7 60. Qc8 Qf8 61. Qc3+ Qf6 62. Qc7 h4 63. Qc8 Qf8 64. Qd7 Qd8 65. Qb5 Qf8 66. Qd3 Qf6 67. Qc2 Qf8 68. Bg4 Qf6 69. Qc8 Qf8 70. Qd7 Qf7 71. Be6 Qf6 72. Bf5 Qf7 73. Be4 Qf6 74. Qe8 Qf7 75. Qc8 Qf8 76. Qg4 Qf6 77. Qh5 Qh6 78. Qe8 Qf6 79. Qa4 Qf7 80. Qa1+ Qf6 81. Qa3 Qf7 82. Qc3+ Qf6 83. Qc4 Qf7 84. Bc2 Qf6 85. Qe4 Kf8 86. Bd3 Qe5 87. Qh7 Qg7 88. Qh5 Bf6 89. Bb5 Qe7 90. Qh6+ Bg7 91. Qg6 Qe1 92. Qxd6+ Kg8 93. Qd8+ Kh7 94. Bd3+ Kh6 95. Qd6+ 1-0


[Site "https://www.chess.com"]

[Event "Titled Tuesday Blitz May 9 Early 2023"]
[White "Nguyen, Ngoc Truong Son"]
[Black "Moroni, Luca Jr"]
[WhiteFideId "12401110"]
[BlackFideId "865834"]
[WhiteElo "2556"]
[BlackElo "2569"]
[Result "1/2-1/2"]
[Round "04"]
[TimeControl "180+2"]
[Date "2023.05.09"]
[WhiteClock "0:00:25"]
[BlackClock "0:00:08"]

1. d4 d5 2. Nf3 e6 3. c4 a6 4. e3 dxc4 5. Bxc4 Nf6 6. O-O b5 7. Be2 Bb7 8. a4 b4 9. a5 c5 10. dxc5 Bxc5 11. Qxd8+ Kxd8 12. Nfd2 Ke7 13. Nb3 Bd6 14. N1d2 Bd5 15. f3 Nbd7 16. e4 Bxb3 17. Nxb3 Nc5 18. Nd4 Rhc8 19. Be3 Nfd7 20. Rac1 g6 21. Rfd1 e5 22. Nc2 Nb3 23. Nxb4 Bxb4 24. Rxc8 Rxc8 25. Bxa6 Rb8 26. Bc4 Nxa5 27. Bxf7 Kxf7 28. Rxd7+ Ke6 29. Rxh7 Nc4 30. Bf2 Be7 31. h4 Rxb2 32. h5 gxh5 33. Rxh5 Bf8 34. Rh7 Ra2 35. Rc7 Nd2 36. Rc6+ Kd7 37. Rg6 Rc2 38. Ra6 Nb3 39. Ra7+ Ke6 40. Ra6+ Bd6 41. Be3 Re2 42. Bf2 Nc1 43. Bc5 Rd2 44. Bxd6 Rxd6 45. Rxd6+ Kxd6 46. g3 Nd3 47. f4 exf4 48. gxf4 Nxf4 49. e5+ Kxe5 1/2-1/2


[Site "https://www.chess.com"]

[Event "Titled Tuesday Blitz May 9 Early 2023"]
[White "Djordjevic, Vuk"]
[Black "Shimanov, Aleksandr"]
[WhiteFideId "902098"]
[BlackFideId "4198603"]
[WhiteElo "2452"]
[BlackElo "2631"]
[Result "0-1"]
[Round "04"]
[TimeControl "180+2"]
[Date "2023.05.09"]
[WhiteClock "0:00:00"]
[BlackClock "0:00:12"]

1. d4 d5 2. Nf3 Nf6 3. c4 c6 4. Nc3 dxc4 5. a4 Bf5 6. e3 e6 7. Bxc4 Bb4 8. O-O Nbd7 9. Ne2 O-O 10. Ng3 Bg6 11. b3 Qe7 12. Bb2 Rad8 13. Nh4 a5 14. Nxg6 hxg6 15. Qc2 Rfe8 16. Rfd1 Bd6 17. Nf1 e5 18. Qxg6 b5 19. axb5 cxb5 20. Bxf7+ Qxf7 21. Qxf7+ Kxf7 22. Rxa5 Rb8 23. Ng3 Rb7 24. Nf5 Bb4 25. dxe5 Nxe5 26. Ra6 Rd7 27. Rxd7+ Nexd7 28. h3 Rc8 29. Nd4 Be7 30. Nxb5 Rc2 31. Bd4 Ne4 32. f3 Ng3 33. Ra1 Nc5 34. Rb1 Nd3 35. Rd1 Nc1 36. Be5 Nge2+ 37. Kh2 Nxb3 38. h4 Nd2 39. Kh3 g6 40. Nd4 Nxd4 41. Bxd4 Nb3 42. g4 Bd6 43. f4 Nd2 44. Kg3 Ke6 45. h5 gxh5 46. gxh5 Ne4+ 47. Kf3 Kf5 48. Rf1 Nd2+ 49. Ke2 Nxf1+ 50. Kxf1 Ke4 51. h6 Kf3 52. Ke1 Rc1+ 53. Kd2 Rh1 54. Bg7 Ke4 55. Kc3 Bc5 0-1


[Site "https://www.chess.com"]

[Event "Titled Tuesday Blitz May 9 Early 2023"]
[White "Beerdsen, Thomas"]
[Black "Hakobyan, Aram"]
[WhiteFideId "1030108"]
[BlackFideId "13306677"]
[WhiteElo "2549"]
[BlackElo "2584"]
[Result "1-0"]
[Round "04"]
[TimeControl "180+2"]
[Date "2023.05.09"]
[WhiteClock "0:00:33"]
[BlackClock "0:00:00"]

1. e4 g6 2. d4 Bg7 3. Nc3 c5 4. dxc5 Bxc3+ 5. bxc3 Nf6 6. Bd3 Qa5 7. Nf3 Qxc5 8. O-O d6 9. h3 Nbd7 10. Rb1 b6 11. Re1 Bb7 12. Rb5 Qc6 13. Bf1 O-O 14. e5 dxe5 15. Nxe5 Nxe5 16. Rbxe5 Rad8 17. Bd2 Rd7 18. Qc1 Re8 19. Bh6 Nd5 20. c4 Nc7 21. Qf4 f6 22. R5e3 e5 23. Qh4 Rf7 24. Rd1 Ne6 25. c5 b5 26. Red3 Nd4 27. Qg4 Qxc5 28. c3 Nf5 29. Rd8 Re7 30. Bc1 Kg7 31. a4 a6 32. axb5 axb5 33. Qe2 Bc6 34. Qa2 Rxd8 35. Rxd8 Re8 36. Rd1 Qxc3 37. Bb2 Qc5 38. Rc1 Qd5 39. Qa7+ Re7 40. Qb8 Bb7 41. Ba3 Rf7 42. Rc7 Kh6 43. Rc5 Qe4 44. Rxb5 Bc6 45. Bc1+ g5 46. Rb4 Rb7 47. Qf8+ Kg6 48. Rxe4 Bxe4 49. Qg8+ Kh6 50. Qc4 Bb1 51. h4 1-0


[Site "https://www.chess.com"]

[Event "Titled Tuesday Blitz May 9 Early 2023"]
[White "Peng, Li Min"]
[Black "Demchenko, Anton"]
[WhiteFideId "14112620"]
[BlackFideId "4160258"]
[WhiteElo "2436"]
[BlackElo "2545"]
[Result "1-0"]
[Round "04"]
[TimeControl "180+2"]
[Date "2023.05.09"]
[WhiteClock "0:00:39"]
[BlackClock "0:00:00"]

1. e4 e5 2. Nf3 Nc6 3. Nc3 Nf6 4. h3 g6 5. d4 exd4 6. Nxd4 Bg7 7. Nxc6 bxc6 8. Bd3 O-O 9. O-O d6 10. Bf4 Nd7 11. Qd2 Rb8 12. Rab1 Ne5 13. Rfe1 Re8 14. Bf1 Be6 15. b3 Rb4 16. a3 Rd4 17. Qc1 f5 18. Be3 c5 19. Bxd4 cxd4 20. exf5 Bxf5 21. Ne4 Rf8 22. Ng3 Bd7 23. Qd2 Qh4 24. Re4 Qf6 25. Rd1 c5 26. b4 Bc6 27. bxc5 dxc5 28. Re2 Nc4 29. Qe1 Nd6 30. Re6 Qd8 31. Re7 Bd5 32. Rxa7 h5 33. c4 Bc6 34. Qe6+ Kh7 35. Nxh5 1-0


[Site "https://www.chess.com"]

[Event "Titled Tuesday Blitz May 9 Early 2023"]
[White "Lenderman, Aleksandr"]
[Black "Kaasen, Tor Fredrik"]
[WhiteFideId "2021285"]
[BlackFideId "1516647"]
[WhiteElo "2607"]
[BlackElo "2349"]
[Result "1-0"]
[Round "04"]
[TimeControl "180+2"]
[Date "2023.05.09"]
[WhiteClock "0:00:27"]
[BlackClock "0:00:00"]

1. Nf3 d5 2. e3 Nf6 3. c4 e6 4. b3 Bd6 5. Bb2 O-O 6. Nc3 c5 7. cxd5 Nxd5 8. Nxd5 exd5 9. Be2 Nc6 10. d4 cxd4 11. Nxd4 Qa5+ 12. Kf1 Re8 13. Nb5 Be5 14. Bxe5 Rxe5 15. Qe1 Qb6 16. Qc3 Bf5 17. Nd4 Nxd4 18. Qxd4 Qxd4 19. exd4 Ree8 20. g4 Be4 21. f3 Bg6 22. Kf2 Rac8 23. Rac1 h5 24. Bb5 Red8 25. h3 Kf8 26. Rhe1 a6 27. Bf1 Rxc1 28. Rxc1 Ke7 29. a4 Kd6 30. a5 hxg4 31. hxg4 Rh8 32. b4 f6 33. Rc5 Rh2+ 34. Bg2 Be8 35. Rc8 Bd7 36. Rg8 Rh7 37. Kg3 Kc6 38. f4 Kd6 39. f5 Bc6 40. Rf8 Ke7 41. Rb8 Kd6 42. Rc8 Rh6 43. Rd8+ Ke7 44. Rg8 Rh7 45. Kf4 Kd6 46. Bf3 Ke7 47. g5 Rh4+ 48. Bg4 Kf7 49. Rc8 fxg5+ 50. Kxg5 Rh2 51. Rc7+ Kf8 52. f6 gxf6+ 53. Kxf6 Rf2+ 54. Bf5 Be8 55. Rxb7 Rd2 56. Ke5 Rf2 57. Be6 Rh2 58. Bxd5 Rh5+ 59. Kd6 Rh6+ 60. Be6 Rh3 61. d5 Re3 62. Rb8 Rd3 63. Bd7 1-0


[Site "https://www.chess.com"]

[Event "Titled Tuesday Blitz May 9 Early 2023"]
[White "Fernandez Guillen, Ernesto J."]
[Black "Kramnik, Vladimir"]
[WhiteFideId "3512428"]
[BlackFideId "4101588"]
[WhiteElo "2429"]
[BlackElo "2703"]
[Result "0-1"]
[Round "04"]
[TimeControl "180+2"]
[Date "2023.05.09"]
[WhiteClock "0:00:05"]
[BlackClock "0:00:12"]

1. e4 c5 2. Nf3 e6 3. d4 cxd4 4. Nxd4 a6 5. Bd3 Nf6 6. Nc3 Qc7 7. f4 d6 8. Be3 b5 9. a3 Bb7 10. g4 Nc6 11. g5 Nd7 12. Qf3 Rc8 13. O-O Be7 14. Rae1 Nc5 15. h4 O-O 16. h5 Nxd4 17. Bxd4 e5 18. fxe5 dxe5 19. Be3 Ne6 20. Qg3 Bc5 21. h6 gxh6 22. Nd5 Bxd5 23. exd5 Nxg5 24. Bxc5 Qxc5+ 25. Kh2 f6 26. Bf5 Rc7 27. Rd1 Rg7 28. d6 e4 29. d7 Qxc2+ 30. Kh1 Rd8 31. Rc1 Qe2 32. Rfe1 Qh5+ 33. Qh2 Qf3+ 34. Qg2 Qxf5 0-1


[Site "https://www.chess.com"]

[Event "Titled Tuesday Blitz May 9 Early 2023"]
[White "Bilych, Olexiy"]
[Black "Ibarra Jerez, Jose Carlos"]
[WhiteFideId "14156504"]
[BlackFideId "2226332"]
[WhiteElo "2320"]
[BlackElo "2638"]
[Result "1-0"]
[Round "04"]
[TimeControl "180+2"]
[Date "2023.05.09"]
[WhiteClock "0:00:49"]
[BlackClock "0:00:30"]

1. e4 c5 2. Nf3 Nc6 3. Bb5 e6 4. O-O Nge7 5. d4 cxd4 6. Nxd4 Ng6 7. Be2 Be7 8. c4 O-O 9. Nc3 b6 10. Be3 Bb7 11. f4 Nxd4 12. Bxd4 f5 13. exf5 Nh4 14. f6 Bxf6 15. g3 Nf5 16. Bxf6 Rxf6 17. Bf3 Bxf3 18. Qxf3 Rc8 19. b3 a6 20. Rad1 b5 21. c5 Qc7 22. Ne4 Rg6 23. Kh1 b4 24. Rd3 Ne7 25. Rfd1 Nd5 26. Nd6 Rf8 27. Rxd5 Qc6 28. R5d3 Qxc5 29. Ne4 Qc2 30. R3d2 Qc6 31. Rxd7 h6 32. Nf6+ 1-0


[Site "https://www.chess.com"]

[Event "Titled Tuesday Blitz May 9 Early 2023"]
[White "Aravindh, Chithambaram VR."]
[Black "Concio, Michael Jr."]
[WhiteFideId "5072786"]
[BlackFideId "5217873"]
[WhiteElo "2596"]
[BlackElo "2263"]
[Result "1-0"]
[Round "04"]
[TimeControl "180+2"]
[Date "2023.05.09"]
[WhiteClock "0:01:54"]
[BlackClock "0:00:10"]

1. c4 Nf6 2. Nc3 e5 3. Nf3 Nc6 4. d3 h6 5. g3 Bb4 6. Bg2 O-O 7. O-O Bxc3 8. bxc3 Re8 9. e4 d6 10. Ne1 Ne7 11. f4 Ng6 12. f5 Nf8 13. g4 c6 14. h4 d5 15. g5 hxg5 16. hxg5 N6h7 17. Qh5 g6 18. Qh6 Qd6 19. f6 Ne6 20. cxd5 cxd5 21. exd5 Qf8 22. dxe6 Bxe6 23. Qxf8+ Rxf8 24. Nf3 Rac8 25. Bd2 Rc5 26. Rfe1 1-0


[Site "https://www.chess.com"]

[Event "Titled Tuesday Blitz May 9 Early 2023"]
[White "Gurel, Ediz"]
[Black "Sahib Singh"]
[WhiteFideId "44507356"]
[BlackFideId "25618342"]
[WhiteElo "2352"]
[BlackElo "1934"]
[Result "1/2-1/2"]
[Round "04"]
[TimeControl "180+2"]
[Date "2023.05.09"]
[WhiteClock "0:00:11"]
[BlackClock "0:00:38"]

1. d4 d5 2. Nf3 e6 3. c4 c6 4. Qc2 f5 5. g3 Nf6 6. Bg2 Bd6 7. O-O O-O 8. Nc3 a6 9. c5 Bc7 10. b4 Nbd7 11. a4 e5 12. dxe5 Nxe5 13. Nd4 g6 14. Bh6 Re8 15. b5 Neg4 16. Bd2 Bd7 17. bxc6 bxc6 18. h3 Ne5 19. Rab1 Nc4 20. Bg5 Na3 21. Qa2 Nxb1 22. Rxb1 Be5 23. Rd1 Kg7 24. Qd2 a5 25. Nf3 Bxc3 26. Qxc3 h6 27. Bc1 Rxe2 28. Nd4 Re8 29. Bb2 Rb8 30. Ba1 Rb4 31. h4 Rxa4 32. h5 Rc4 33. Qf3 Rxc5 34. hxg6 Kxg6 35. Bh3 Ng4 36. Bxg4 fxg4 37. Qd3+ Re4 38. Nb3 Rb5 39. Nd2 Bf5 40. Nxe4 Bxe4 41. Qc3 Qf8 42. Qxc6+ Kh5 43. Qxb5 Qf3 44. Qe8+ Kg5 45. Qd8+ Kh5 46. Qe8+ Kg5 47. Qe5+ Kg6 48. Qf6+ Qxf6 49. Bxf6 Kxf6 50. Ra1 d4 51. Rxa5 d3 52. Kf1 Bf3 53. Ke1 Be2 54. Kd2 Kg6 55. Ke3 h5 56. Rd5 Bf1 57. Kf4 Be2 58. Rd6+ Kf7 59. Kg5 Ke7 60. Rd4 Ke6 61. Kxh5 Ke5 62. Rd8 Ke4 63. Kg5 Kf3 64. Rf8+ Kg2 65. Rd8 Kxf2 66. Kf4 Kg2 67. Rd7 Kf2 68. Rd6 Kg2 69. Rd4 Kf2 70. Rd6 Kg2 71. Rd5 Kf2 72. Rd4 Kg2 73. Rd7 Kf2 74. Rd8 Kg2 75. Rd5 Kf2 76. Rd4 Kg2 77. Rxd3 Bxd3 78. Kxg4 Be2+ 79. Kf4 Kh3 80. g4 Bxg4 1/2-1/2


[Site "https://www.chess.com"]

[Event "Titled Tuesday Blitz May 9 Early 2023"]
[White "Sharapov, Evgeny"]
[Black "Sjugirov, Sanan"]
[WhiteFideId "14103133"]
[BlackFideId "4189302"]
[WhiteElo "2367"]
[BlackElo "2569"]
[Result "0-1"]
[Round "04"]
[TimeControl "180+2"]
[Date "2023.05.09"]
[WhiteClock "0:00:20"]
[BlackClock "0:00:22"]

1. e4 c5 2. Nf3 Nc6 3. d4 cxd4 4. Nxd4 Nf6 5. Nc3 d6 6. g3 g6 7. Nde2 Bg7 8. Bg2 Bd7 9. O-O Qc8 10. Nf4 h5 11. h4 O-O 12. a4 Re8 13. Ncd5 Ne5 14. Nxf6+ Bxf6 15. Nd5 Bg7 16. Bg5 Nc6 17. c3 Be6 18. Kh2 Qd7 19. Nf4 Bc4 20. Re1 Ne5 21. Nd5 e6 22. Ne3 Ba6 23. Nc2 Nd3 24. Nb4 Nxe1 25. Qxe1 Bc4 26. a5 Rac8 27. Rd1 Qc7 28. Bf4 Red8 29. Qe3 Qxa5 30. Bxd6 Qa4 31. Rd2 a5 32. Nc2 Rxd6 33. Rxd6 Qxc2 34. Rb6 Qe2 35. Qf4 e5 36. Qf3 Qxf3 37. Bxf3 Rc7 0-1


[Site "https://www.chess.com"]

[Event "Titled Tuesday Blitz May 9 Early 2023"]
[White "Bayasgalan, Khishigbaatar"]
[Black "Mitrabha, Guha"]
[WhiteFideId "4904311"]
[BlackFideId "5057000"]
[WhiteElo "2057"]
[BlackElo "2507"]
[Result "0-1"]
[Round "04"]
[TimeControl "180+2"]
[Date "2023.05.09"]
[WhiteClock "0:00:00"]
[BlackClock "0:00:10"]

1. d4 Nf6 2. c4 c5 3. d5 b5 4. cxb5 a6 5. b6 d6 6. Nc3 Nbd7 7. e4 g6 8. Bd3 Bg7 9. Nge2 O-O 10. O-O Nxb6 11. b3 a5 12. a4 Nfd7 13. Bb2 Ne5 14. Bb5 c4 15. Nd4 Qc7 16. Bc6 Nxc6 17. Nxc6 Ba6 18. Nb5 Bxb5 19. Bxg7 Bxc6 20. Bxf8 Rxf8 21. dxc6 Qxc6 22. bxc4 Qxc4 23. Re1 Nd7 24. Rc1 Qe6 25. Qd2 Nc5 26. Rb1 Ra8 27. Qc2 Qe5 28. h3 Kg7 29. Qc4 h5 30. Rb5 Ra7 31. h4 Qf4 32. g3 Qf3 33. Re3 Qd1+ 34. Kg2 f6 35. Rb8 e6 36. Qb5 Qxa4 37. Qb6 Rd7 38. Re8 Qb4 39. Qc6 Qb7 40. Rc8 Qxc6 41. Rxc6 a4 42. f3 Kf7 43. Ra3 Ke7 44. Kf2 Rb7 45. Ke3 Kd7 46. Rxc5 dxc5 47. Rxa4 Kc6 48. Ra6+ Rb6 49. Ra5 e5 50. Ra3 Kb5 51. Rb3+ Kc6 52. Ra3 c4 53. Kd2 Kc5 54. Ra5+ Kb4 55. Ra7 Kb3 56. Kc1 c3 57. Rg7 Ra6 58. Rb7+ Kc4 59. Rg7 Kd3 60. Rd7+ Ke3 61. Rg7 f5 62. exf5 gxf5 63. Rf7 e4 0-1


[Site "https://www.chess.com"]

[Event "Titled Tuesday Blitz May 9 Early 2023"]
[White "ArrestingPieces"]
[Black "Quesada Perez, Yuniesky"]
[BlackFideId "3504409"]
[WhiteElo "2399"]
[BlackElo "2585"]
[Result "1/2-1/2"]
[Round "04"]
[TimeControl "180+2"]
[Date "2023.05.09"]
[WhiteClock "0:00:36"]
[BlackClock "0:00:25"]

1. e4 d5 2. exd5 Qxd5 3. Nc3 Qa5 4. d4 Nf6 5. Nf3 Bf5 6. Bc4 e6 7. Bd2 Bb4 8. Qe2 Nc6 9. d5 Nd8 10. Nd4 O-O 11. Nb3 Qb6 12. Be3 Qd6 13. dxe6 Nxe6 14. Rd1 Qc6 15. O-O Bxc3 16. bxc3 b6 17. Nd4 Nxd4 18. cxd4 Nd5 19. Bxd5 Qxd5 20. c4 Qd7 21. d5 Rfe8 22. h3 Re4 23. Rd4 Rae8 24. Rfd1 h6 25. Qf3 Bg6 26. Rxe4 Rxe4 27. Rd4 Rxd4 28. Bxd4 Qa4 29. Qe2 Kh7 30. Kh2 Qd7 31. Qe5 f6 32. Qe6 Bf5 33. Qxd7 Bxd7 34. c5 bxc5 35. Bxc5 a6 36. Ba7 Kg6 37. Bb8 c6 38. dxc6 Bxc6 39. a3 Kf7 40. Bd6 1/2-1/2


[Site "https://www.chess.com"]